 Dungeon Crawl Stone Soup version 0.27.1-33-g824d729ab1 (webtiles) character file.

Game seed: 4796661608222428613

44 halfoni the Chopper (level 3, 0/29 HPs)
             Began as a Human Berserker on Dec 18, 2021.
             Was a Follower of Trog.
             Succumbed to an adder's poison
             ... on level 2 of the Dungeon.
             The game lasted 00:02:22 (1924 turns).

halfoni the Chopper (Human Berserker)               Turns: 1924, Time: 00:02:23

Health: 0/29       AC:  2    Str: 18    XL:     3   Next: 85%
Magic:  3/3        EV: 12    Int:  7    God:    Trog [*.....]
Gold:   71         SH:  0    Dex: 12    Spells: 2/2 levels left

rFire    . . .     SeeInvis .   a - +0 hand axe
rCold    . . .     Faith    .   (no shield)
rNeg     + . .     Spirit   .   b - +0 animal skin
rPois    .         Reflect  .   (no helmet)
rElec    .         Harm     .   (no cloak)
rCorr    .         Rampage  .   (no gloves)
Will     .....                  (no boots)
Stlth    +.........             (no amulet)
HPRegen  0.09/turn              k - ring of positive energy
MPRegen  0.08/turn              (no ring)

@: lethally poisoned (0 -> -2), on berserk cooldown, slowed, studying Crossbows,
very slow
A: no striking features
a: Renounce Religion, Berserk


You were on level 2 of the Dungeon.
You worshipped Trog.
Trog was aware of your devotion.
You visited 1 branch of the dungeon, and saw 2 of its levels.

You collected 71 gold pieces.

Inventory:

Hand Weapons
 a - a +0 hand axe (weapon)
Armour
 b - a +0 animal skin (worn)
Jewellery
 k - a ring of positive energy (left hand)
Scrolls
 c - a scroll of vulnerability {unknown}
 d - a scroll of enchant armour {unknown}
 g - a scroll of noise {unknown}
 h - a scroll of identify {unknown}
 i - a scroll of amnesia {unknown}
Potions
 e - 2 potions of resistance {unknown}
 f - 2 potions of curing {unknown}


   Skills:
 + Level 3.6 Fighting
 + Level 3.7 Axes
 + Level 2.2 Armour
 + Level 2.1 Dodging


You had 2 spell levels left.
You didn't know any spells.
Your spell library was empty.

Dungeon Overview and Level Annotations

Branches:
Dungeon (2/15)

Altars:

Shops:
D:2 [


Message History

You hit the adder but do no damage.
The adder is heavily wounded.
You feel sick. The adder closely misses you. The adder barely misses you.
You barely miss the adder.
The adder is heavily wounded.
You feel sick. The adder bites you.
You barely miss the adder.
The adder is heavily wounded.
You feel sick.
You are no longer poisoned.
The adder bites you but does no damage. The adder bites you.
You are poisoned.
The adder poisons you!
A red film seems to cover your vision as you go berserk!
You feel yourself moving faster!
You feel mighty!
You feel sick. The adder barely misses you.
You feel a strong urge to attack something.
The adder bites you.
You are more poisoned.
The adder poisons you!
You closely miss the adder.
The adder is heavily wounded.
You feel sick. The adder bites you.
* * * LOW HITPOINT WARNING * * *
You slash the adder!
You kill the adder!
Trog accepts your kill.
You feel sick.
You feel sick.
You see here an adder corpse.
You feel a strong urge to attack something.
You feel sick.
You are no longer berserk.
You are exhausted.
You feel yourself slow down.
* * * LOW HITPOINT WARNING * * *
You feel sick.
* * * LOW HITPOINT WARNING * * *
You feel sick.
You die...

# ##.#.# ###.###
#.....# #+ #.#.#.# #.
#.#.#.# #. #.#.#.#
##.####### #.#...#
##....†...# #.##..#
#.....###@# #.##..#
#.###...####.# #(....#
#.........##.######.##
#####.###..........∩#
#. ####.######## # #.#
..# ####


There were no monsters in sight!

Vanquished Creatures
  2 adders (D:2)
  3 endoplasms
  A giant cockroach (D:1)
  5 goblins
  4 hobgoblins
  3 kobolds
  A ball python (D:1)
  4 frilled lizards
23 creatures vanquished.

Notes
Turn   | Place    | Note
-------+----------+-------------------------------------------
     0 | D:1      | halfoni the Human Berserker began the quest for the Orb.
     0 | D:1      | Reached XP level 1. HP: 18/18 MP: 1/1
   373 | D:1      | Reached XP level 2. HP: 20/24 MP: 2/2
  1424 | D:2      | Reached XP level 3. HP: 29/29 MP: 3/3
  1891 | D:2      | Found Ydietute's Antique Armour Boutique.
  1924 | D:2      | Succumbed to an adder's poison

Illustrated notes

Levels and vault maps discovered:
D:1:      minmay_arrival_three_doors, layout_basic
D:2:      layout_loops_corners, serial_shops, shop, shop_fountains,
          nicolae_shop_crystal, nicolae_shop_trees, shop, roderic_lattice_a,
          minmay_small_reverse_x

Action                   || total
-------------------------++-------
Melee: Hand axe          ||    71
Invok: Berserk           ||     2
 Stab: Sleeping          ||     1
Armor: Animal skin       ||     9
Dodge: Dodged            ||    40
